[Event "*** Titled Tuesday Blitz"]
[Site "Chess.com"]
[Date "2018.08.07"]
[Round "8"]
[White "GameOverBro"]
[Black "fidetrainerNET"]
[Result "0-1"]
[WhiteElo "2345"]
[BlackElo "1932"]
[TimeControl "180+2"]
[EndTime "14:44:55 PDT"]
[Termination "fidetrainerNET won by resignation"]

1. e4 c5 2. Ne2 d5 3. exd5 Nf6 4. Nbc3 Nxd5 5. g3 e6 6. Bg2 Nc6 7. O-O Be7 8. b3 Bf6 9. Bb2 O-O 10. Rb1 Ndb4 11. a3 Na6 12. Ne4 Bxb2 13. Rxb2 f5 14. N4c3 e5 15. Nd5 Be6 16. c4 Kh8 17. d3 Nc7 18.
Nec3 Rb8 19. Re1 Re8 20. b4 cxb4 21. axb4 Bg8 22. b5 Nd4 23. Nxc7 Qxc7 24. Nd5 Qd8 25. Qa4 Ra8 26. h4 g5 27. hxg5 Qxg5 28.
c5 f4 29. Nc7 fxg3 30. Nxe8 gxf2+ 31. Rxf2 Rxe8 32. Qxa7 Re7 33. Qb8 Rg7 34. Qxe5 Nf3+ 0-1

[Event "*** Titled Tuesday Blitz"]
[Site "Chess.com"]
[Date "2018.08.07"]
[Round "8"]
[White "thegreendog"]
[Black "Caisachess"]
[Result "1/2-1/2"]
[WhiteElo "2344"]
[BlackElo "2244"]
[TimeControl "180+2"]
[EndTime "14:44:57 PDT"]
[Termination "Game drawn by agreement"]

1. e4 e5 2. Nf3 Nc6 3. Bb5 f5 4. Nc3 fxe4 5. Nxe4 Nf6 6. Nxf6+ Qxf6 7. Qe2 Be7 8. Bxc6 dxc6 9. Nxe5 O-O 10. O-O Bd6 11.
d4 Bf5 12. Be3 Bxe5 13. dxe5 Qxe5 14. c3 Rae8 15. Qc4+ Qd5 16. Qd4 b6 17. b3 Qxd4 18. Bxd4 c5 19. Be3 Rd8 20. Rad1 Bc2 21. Rc1 Be4 22.
Rfe1 Rfe8 23. Bf4 c6 24. f3 Bg6 25. Kf2 Kf7 26. g4 Rxe1 27. Rxe1 Re8 28. Rxe8 Kxe8 29. Bb8 Kd7 30. a3 Bc2 31. b4 cxb4 32. cxb4 1/2-1/2

[Event "*** Titled Tuesday Blitz"]
[Site "Chess.com"]
[Date "2018.08.07"]
[Round "8"]
[White "indfraeng"]
[Black "CarlssonLudvig"]
[Result "1-0"]
[WhiteElo "1939"]
[BlackElo "2192"]
[TimeControl "180+2"]
[EndTime "14:45:23 PDT"]
[Termination "indfraeng won by resignation"]

1. d4 Nf6 2. c4 e6 3. g3 Bb4+ 4. Bd2 Bxd2+ 5. Qxd2 O-O 6. Nc3 d5 7. Nf3 c6 8. Bg2 b6 9. O-O Bb7 10. Ne5 Nbd7 11. cxd5 cxd5 12. Nxd7 Qxd7 13. Rac1 Rfc8 14.
Rc2 Rc7 15. Rfc1 Rac8 16. b3 Ba6 17. Na4 Rxc2 18. Rxc2 Rxc2 19. Qxc2 Qc8 20. Qxc8+ Bxc8 21. Nc3 Ba6 22. e3 Kf8 23. Bf1 Bxf1 24. Kxf1 Ke7 25. Ke2 Kd6 26. Nb5+ Kc6 27. Nxa7+ Kb7 28. Nb5 Kc6 29.
a4 h5 30. h4 g6 31. f3 Ne8 32. e4 Nf6 33. e5 Ne8 34. g4 Ng7 35. Kd3 Ne8 36.
Ke3 Ng7 37. Nd6 f6 38. exf6 1-0

[Event "*** Titled Tuesday Blitz"]
[Site "Chess.com"]
[Date "2018.08.07"]
[Round "8"]
[White "Makalexa"]
[Black "Manukyan_Artak"]
[Result "1-0"]
[WhiteElo "2137"]
[BlackElo "2331"]
[TimeControl "180+2"]
[EndTime "14:45:25 PDT"]
[Termination "Makalexa won by resignation"]

1. e4 c6 2. d4 d5 3. exd5 cxd5 4. Nf3 Nc6 5. c4 Nf6 6. Nc3 Bg4 7. cxd5 Nxd5 8. Qb3 Bxf3 9. gxf3 Nb6 10. Be3 e6 11. O-O-O Be7 12. Rg1 O-O 13. Kb1 Nd5 14. Bh6 Nxc3+ 15.
Qxc3 Bf6 16. Bb5 Rc8 17. Rxg7+ Bxg7 18. Rg1 Qf6 19. Bxg7 Qf5+ 20. Bd3 Ne5 21. Bxe5+ 1-0

[Event "*** Titled Tuesday Blitz"]
[Site "Chess.com"]
[Date "2018.08.07"]
[Round "8"]
[White "KamilPlichta"]
[Black "Supernotar"]
[Result "0-1"]
[WhiteElo "2591"]
[BlackElo "2475"]
[TimeControl "180+2"]
[EndTime "14:45:28 PDT"]
[Termination "Supernotar won by resignation"]

1. d4 d5 2. c4 dxc4 3. e4 Nf6 4. e5 Nd5 5. Bxc4 Nb6 6. Bb3 Nc6 7. Ne2 Bf5 8. a3 e6 9. Nbc3 Be7 10. O-O O-O 11.
Be3 Na5 12. Ba2 Nac4 13. Bc1 c5 14. b3 cxd4 15. Nxd4 Nxa3 16. Be3 Rc8 17. Rc1 Bg6 18. Ncb5 Rxc1 19. Qxc1 Nxb5 20. Nxb5 a6 21. Rd1 Nd5 22. Nc3 Nxc3 23. Rxd8 Rxd8 0-1

[Event "*** Titled Tuesday Blitz"]
[Site "Chess.com"]
[Date "2018.08.07"]
[Round "8"]
[White "Haykos"]
[Black "kikydu96"]
[Result "1-0"]
[WhiteElo "2538"]
[BlackElo "2455"]
[TimeControl "180+2"]
[EndTime "14:45:45 PDT"]
[Termination "Haykos won by resignation"]

1. e4 e5 2. Nf3 Nc6 3. Bc4 Nf6 4. d3 Bc5 5. O-O d6 6. c3 a6 7. Bb3 Ba7 8. Nbd2 O-O 9. Re1 Ng4 10. Re2 Kh8 11. h3 f5 12. exf5 Nf6 13. g4 g6 14.
fxg6 hxg6 15. Nh4 Kg7 16. Ndf3 Nxg4 17. hxg4 Bxg4 18. Qd2 Bxf3 19. Qh6+ 1-0

[Event "*** Titled Tuesday Blitz"]
[Site "Chess.com"]
[Date "2018.08.07"]
[Round "8"]
[White "Alexander_Moskalenko"]
[Black "Zaven_ChessMood"]
[Result "1-0"]
[WhiteElo "2844"]
[BlackElo "2880"]
[TimeControl "180+2"]
[EndTime "14:45:48 PDT"]
[Termination "Alexander_Moskalenko won by resignation"]

1. Nf3 d5 2. c4 d4 3. b4 g5 4. Nxg5 e5 5. d3 Bxb4+ 6. Bd2 Be7 7. Nf3 Nc6 8. g3 h5 9. Bg2 h4 10. gxh4 Bxh4 11. Nxh4 Qxh4 12. Bxc6+ bxc6 13. Qa4 Bd7 14.
Qa5 f6 15. Na3 Ne7 16. Qxc7 Nf5 17. Rb1 Rc8 18. Rb8 Ke7 19. Rxc8 Rxc8 20. Qxa7 Ke6 21. Nc2 Qh3 22. Nb4 Qg2 23. Rf1 Ne7 24. Na6 c5 25. Nxc5+ Rxc5 26. Qxc5 Kf7 27. Bb4 Bh3 28. Qxe7+ Kg6 29.
Qe8+ Kf5 30. Qc8+ Kg6 31. Qg8+ 1-0

[Event "*** Titled Tuesday Blitz"]
[Site "Chess.com"]
[Date "2018.08.07"]
[Round "8"]
[White "platy3"]
[Black "Zhuu96"]
[Result "1-0"]
[WhiteElo "2764"]
[BlackElo "2832"]
[TimeControl "180+2"]
[EndTime "14:46:02 PDT"]
[Termination "platy3 won by resignation"]

1. e4 e5 2. Nf3 Nf6 3. Nxe5 d6 4. Nf3 Nxe4 5. c4 Be7 6. d4 O-O 7. Bd3 Nf6 8. h3 d5 9. O-O dxc4 10. Bxc4 Bf5 11.
Nc3 Nbd7 12. Re1 Nb6 13. Bb3 c6 14. Ne5 Nbd5 15. Qf3 Be6 16. Bg5 Nxc3 17. bxc3 Bd5 18. Qf5 Bxb3 19. axb3 Nd5 20. Bxe7 Nxe7 21. Qd7 Qxd7 22.
Nxd7 Rfe8 23. Nb6 axb6 24. Rxa8 Rxa8 25. Rxe7 Rb8 26. f4 h5 27. g4 hxg4 28. hxg4 g5 29. fxg5 Kg7 30. Kf2 Kg6 31. Kf3 Rh8 32. Rxb7 Rh3+ 33.
Kf4 Rxc3 34. Rxb6 Rc1 35. d5 f6 36. dxc6 fxg5+ 37. Ke5 Kf7 38. Kd6 Rd1+ 39. Kc7 Rd4 40. Kb7 1-0

[Event "*** Titled Tuesday Blitz"]
[Site "Chess.com"]
[Date "2018.08.07"]
[Round "8"]
[White "krzysztofszczurek"]
[Black "Mbneu"]
[Result "0-1"]
[WhiteElo "2356"]
[BlackElo "2292"]
[TimeControl "180+2"]
[EndTime "14:46:22 PDT"]
[Termination "Mbneu won by resignation"]

1. e4 e5 2. Nf3 Nc6 3. Bc4 Nf6 4. d3 h6 5. h3 d6 6. c3 Be6 7. Bb5 a6 8. Ba4 b5 9. Bc2 d5 10. exd5 Nxd5 11. Qe2 Bd6 12. Nbd2 O-O 13. Ne4 f5 14.
Nxd6 cxd6 15. Bb3 Bf7 16. Bd2 e4 17. dxe4 fxe4 18. Nd4 Nxd4 19. cxd4 e3 20. fxe3 Qh4+ 21. Kd1 Rae8 22. Rc1 Nf4 23. Bxf7+ Rxf7 24. Qg4 Qxg4+ 25.
hxg4 Nd3 26. Rh5 Nxc1 27. Bxc1 Rf1+ 28. Kd2 Rc8 0-1

[Event "*** Titled Tuesday Blitz"]
[Site "Chess.com"]
[Date "2018.08.07"]
[Round "8"]
[White "aa175"]
[Black "norwaytoadog"]
[Result "0-1"]
[WhiteElo "1919"]
[BlackElo "2127"]
[TimeControl "180+2"]
[EndTime "14:46:25 PDT"]
[Termination "norwaytoadog won by resignation"]

1. e4 e5 2. Nf3 Nc6 3. Bc4 Nf6 4. Ng5 d5 5. exd5 Na5 6. Bb5+ c6 7. dxc6 bxc6 8.
Bd3 Be7 9. h4 h6 10. Ne4 Nd5 11. g3 O-O 12. Nbc3 f5 13. Nxd5 Qxd5 14. Qe2 fxe4 15. Bxe4 Qf7 16. h5 Bf5 17. Bxf5 Qxf5 18. d3 Bc5 19. Rf1 Rae8 20. c3 Nb7 21. b4 Bb6 22. a4 a5 23. Bd2 axb4 24. cxb4 e4 0-1

[Event "*** Titled Tuesday Blitz"]
[Site "Chess.com"]
[Date "2018.08.07"]
[Round "8"]
[White "VeraNebolsina"]
[Black "ZoltanChef"]
[Result "0-1"]
[WhiteElo "2364"]
[BlackElo "2211"]
[TimeControl "180+2"]
[EndTime "14:46:36 PDT"]
[Termination "ZoltanChef won by resignation"]

1. e4 c5 2. Nf3 d6 3. Bb5+ Nc6 4.
O-O Nf6 5. Re1 Bd7 6. c3 a6 7. Bf1 Bg4 8. h3 Bh5 9. d3 e5 10. Nbd2 Be7 11. Qc2 h6 12. g3 O-O 13. Bg2 Qd7 14.
Nc4 Nh7 15. Nb6 Qe6 16. Nxa8 Rxa8 17. Qb3 Qd7 18. Nd2 Ng5 19. Kh2 Rf8 20. Nc4 Bf3 21.
Bxg5 Bxg2 22. Kxg2 Bxg5 23. Ne3 Bxe3 24. fxe3 b5 25.
Rf1 c4 26. dxc4 Na5 27. Qd1 Nxc4 28. Qe2 Qc6 29. Qf3 Nd2 30. Qf5 Nxf1 31. Rxf1 Qc4 32. Qg4 Qxa2 33. Rf2 Qb1 0-1

[Event "*** Titled Tuesday Blitz"]
[Site "Chess.com"]
[Date "2018.08.07"]
[Round "8"]
[White "SergeiAza"]
[Black "AquivaRubinstein"]
[Result "1-0"]
[WhiteElo "2695"]
[BlackElo "2404"]
[TimeControl "180+2"]
[EndTime "14:46:43 PDT"]
[Termination "SergeiAza won by resignation"]

1. e4 e6 2. d4 d5 3. Nd2 c5 4. exd5 Qxd5 5. Ngf3 cxd4 6. Bc4 Qd6 7. O-O Nf6 8. Nb3 Nc6 9. Nbxd4 Nxd4 10. Nxd4 a6 11.
Bb3 Qc7 12. Qf3 Be7 13. Bf4 Qc5 14. Be3 Qh5 15. Ba4+ Kf8 16. Qxh5 Nxh5 17. Rfe1 Nf6 18. Rad1 b5 19. Bb3 Bb7 20. f3 Nd5 21. Bf2 g5 22. c3 Bf6 23. Nxe6+ fxe6 24. Rxe6 Kg7 25. Bxd5 Rad8 26.
Rxf6 Rxd5 27. Rxd5 Bxd5 28. Bd4 1-0

[Event "*** Titled Tuesday Blitz"]
[Site "Chess.com"]
[Date "2018.08.07"]
[Round "8"]
[White "ShimanovAlex"]
[Black "JonahWillow"]
[Result "1-0"]
[WhiteElo "2771"]
[BlackElo "2651"]
[TimeControl "180+2"]
[EndTime "14:46:48 PDT"]
[Termination "ShimanovAlex won by resignation"]

1. d4 Nf6 2. Bf4 e6 3. e3 c5 4. Nf3 cxd4 5. exd4 Be7 6. c3 O-O 7. Nbd2 b6 8. a4 Ba6 9. Bb5 d6 10. O-O Bb7 11. h3 Nbd7 12. Re1 Re8 13. Nc4 Qc7 14. a5 Bc6 15. axb6 axb6 16. Bxc6 Qxc6 17. Qb3 Bf8 18.
Na3 Ra5 19. Nc4 Rxa1 20. Rxa1 Qd5 21. Ra7 e5 22. Be3 exd4 23. Nxd4 Nc5 24. Qa2 b5 25.
Nb6 Qxa2 26. Rxa2 b4 27. cxb4 Nd3 28. b5 Nd5 29. Nxd5 1-0

[Event "*** Titled Tuesday Blitz"]
[Site "Chess.com"]
[Date "2018.08.07"]
[Round "8"]
[White "NemtsevIgor"]
[Black "Macron20hTF1"]
[Result "1-0"]
[WhiteElo "2387"]
[BlackElo "2333"]
[TimeControl "180+2"]
[EndTime "14:47:00 PDT"]
[Termination "NemtsevIgor won by resignation"]

1. d3 e5 2. c3 d5 3. Nd2 Nf6 4. h3 Bc5 5. g4 O-O 6. Bg2 Re8 7. g5 Nh5 8. Nf1 Nc6 9. Qb3 Be6 10. Qxb7 Qd7 11. Qb5 Bb6 12. Bf3 Rab8 13. Qa4 g6 14. Bxh5 gxh5 15. Qh4 Ne7 16. Qxh5 Bf5 17. Ng3 Bg6 18.
Qg4 Qc6 19. h4 Qc5 20. Nh3 Ba5 21. O-O Bxc3 22. bxc3 Qxc3 23. Be3 Rb4 24. Qd7 Kf8 25. h5 Rh4 26. hxg6 Rxh3 27. Qxh3 Kg7 28. Qxh7+ 1-0

[Event "*** Titled Tuesday Blitz"]
[Site "Chess.com"]
[Date "2018.08.07"]
[Round "8"]
[White "Nyzhnyk_Illia"]
[Black "Micki-taryan"]
[Result "1-0"]
[WhiteElo "2797"]
[BlackElo "2899"]
[TimeControl "180+2"]
[EndTime "14:47:02 PDT"]
[Termination "Nyzhnyk_Illia won by resignation"]

1. d4 Nf6 2. Nf3 g6 3. Nc3 Bg7 4. e4 d5 5. exd5 Nxd5 6. Ne4 Nd7 7. Bc4 N7f6 8. Nxf6+ exf6 9. O-O O-O 10. h3 Be6 11. Bb3 c6 12. c3 Re8 13. Re1 Qc7 14.
Nd2 Nf4 15. Bxe6 Rxe6 16. Rxe6 Nxe6 17. Nf3 Rd8 18. Qe2 a5 19. Be3 a4 20. Rd1 b5 21.
Ne1 f5 22. Nd3 Qd6 23. Qf3 h5 24. Rd2 Qd5 25. Qxd5 Rxd5 26. Kf1 Bf8 27. Ke2 g5 28. Rd1 f4 29. Bc1 Bd6 30. f3 Kg7 31. Ne1 Kg6 32.
Nc2 c5 33. b3 axb3 34. axb3 cxd4 35. cxd4 Bc7 36. Kd3 Bb6 37. Bb2 Nc5+ 38. Kc3 Ba5+ 39. b4 Na4+ 40. Kb3 Bb6 41. Ba1 g4 42. hxg4 hxg4 43.
Na3 g3 44. Nxb5 Rxb5 45. Kxa4 Rh5 46. d5 Rh2 47. Rd2 Rh1 48. Bd4 Bxd4 49. Rxd4 Rg1 50. d6 Rxg2 51. d7 Ra2+ 52. Kb5 g2 53. d8=Q g1=Q 54.
Qg8+ Kf6 55. Qxg1 Rg2 56. Qxg2 Kf5 57. Qg4+ 1-0

[Event "*** Titled Tuesday Blitz"]
[Site "Chess.com"]
[Date "2018.08.07"]
[Round "8"]
[White "Drags95"]
[Black "Indianlad"]
[Result "0-1"]
[WhiteElo "2623"]
[BlackElo "2747"]
[TimeControl "180+2"]
[EndTime "14:47:02 PDT"]
[Termination "Indianlad won by resignation"]

1. e4 c6 2. d4 d5 3. e5 Bf5 4. Nf3 e6 5. Be2 Ne7 6. O-O c5 7. Be3 Nec6 8. dxc5 Nd7 9. c4 dxc4 10. Na3 Bxc5 11.
Bxc5 Nxc5 12. Nxc4 O-O 13. Nd6 Bg4 14. Rc1 Qb6 15. Qc2 Bxf3 16. Bxf3 Nd7 17. Bxc6 bxc6 18. Nc4 Qc5 19. Qe4 Rfd8 20. Rfd1 h6 21. g3 a5 22. Kg2 a4 23. Rc3 Qb4 24. a3 Qe7 25. Qxc6 Rac8 26. Qd6 Qe8 27. Qd4 Nxe5 28. Nd6 Rxc3 29. Nxe8 Rxd4 30.
Rxd4 Rb3 31. Rb4 Nd3 32. Rxa4 Rxb2 33. Kf3 Nxf2 34. Nd6 f5 35. Ra8+ Kh7 36. a4 Ng4 0-1

[Event "*** Titled Tuesday Blitz"]
[Site "Chess.com"]
[Date "2018.08.07"]
[Round "8"]
[White "Egorov_Pavel"]
[Black "Kubas1010"]
[Result "1-0"]
[WhiteElo "2322"]
[BlackElo "2455"]
[TimeControl "180+2"]
[EndTime "14:47:06 PDT"]
[Termination "Egorov_Pavel won by resignation"]

1. d4 Nf6 2. c4 e6 3. Nc3 Bb4 4. e3 O-O 5. Nf3 c5 6. Bd3 cxd4 7. exd4 d5 8. O-O dxc4 9. Bxc4 b6 10. Bg5 Bb7 11. Ne5 Nbd7 12. Qb3 Bxc3 13. bxc3 h6 14. Nxf7 Rxf7 15. Bxe6 Qe7 16. Bxf6 Nxf6 17. Rae1 Rd8 18.
Bxf7+ Qxf7 19. Re7 Qxb3 20. axb3 Ba6 21. Ra1 Kf8 22.
Rc7 Bd3 23. Raxa7 Ne8 24. Rf7+ Kg8 25. Rfb7 b5 26. f3 Rc8 27. d5 Rxc3 28. Rb8 Bg6 29. d6 Rc1+ 30. Kf2 1-0

[Event "*** Titled Tuesday Blitz"]
[Site "Chess.com"]
[Date "2018.08.07"]
[Round "8"]
[White "gena217"]
[Black "GMG"]
[Result "1-0"]
[WhiteElo "2728"]
[BlackElo "2734"]
[TimeControl "180+2"]
[EndTime "14:47:15 PDT"]
[Termination "gena217 won by resignation"]

1. e4 d5 2. exd5 Qxd5 3. Nc3 Qa5 4. d4 Nf6 5. Nf3 c6 6. Ne5 Be6 7. Bc4 Bxc4 8. Nxc4 Qf5 9. O-O e6 10. Ne2 Nbd7 11.
Bf4 Nb6 12. b3 Nxc4 13. bxc4 Be7 14. Rb1 b6 15. Be5 O-O 16. Rb3 Nd7 17. Rf3 Qh5 18.
Nf4 Qh6 19. Rh3 Qg5 20. Rg3 Nxe5 21. Rxg5 Bxg5 22. Nh3 Bf6 23. dxe5 Bxe5 24. Qf3 Rfd8 25.
Ng5 Bf6 26. Qh5 Bxg5 27. Qxg5 Rd7 28. g3 h6 29. Qe3 c5 30. a4 a5 31. Rb1 Rd6 32. Kg2 Rc8 33. Qf3 Rcc6 34. Rd1 g6 35.
Rxd6 Rxd6 36. Qb7 e5 37. Qb8+ 1-0

[Event "*** Titled Tuesday Blitz"]
[Site "Chess.com"]
[Date "2018.08.07"]
[Round "8"]
[White "NikolaGry"]
[Black "Mikhail_Golubev"]
[Result "1-0"]
[WhiteElo "2521"]
[BlackElo "2438"]
[TimeControl "180+2"]
[EndTime "14:47:18 PDT"]
[Termination "NikolaGry won by resignation"]

1. b3 d6 2. Bb2 Nd7 3. c4 Ngf6 4. e3 g6 5. Nf3 Bg7 6. d4 O-O 7. Be2 e5 8. dxe5 Ng4 9. O-O Ngxe5 10. Nc3 Nxf3+ 11.
Bxf3 Nc5 12. Qd2 Bf5 13. Rad1 Nd3 14. Ba1 Ne5 15. Bxb7 Rb8 16. Be4 Bxe4 17. Nxe4 Qh4 18. f4 Ng4 19. h3 Bxa1 20. hxg4 Bg7 21. Qe2 Rbe8 22. Qf3 Qe7 23. Nf2 Qxe3 24. Qxe3 Rxe3 25. Rfe1 Rfe8 26. Kf1 Bc3 27. Rxe3 Rxe3 28. Nd3 Rg3 29. g5 Kf8 30. Kf2 Rg4 31. g3 Kg7 32. Kf3 1-0

[Event "*** Titled Tuesday Blitz"]
[Site "Chess.com"]
[Date "2018.08.07"]
[Round "8"]
[White "jposthuma"]
[Black "inegrepus"]
[Result "0-1"]
[WhiteElo "2352"]
[BlackElo "2207"]
[TimeControl "180+2"]
[EndTime "14:47:25 PDT"]
[Termination "inegrepus won by checkmate"]

1. d4 Nf6 2. c4 e6 3. g3 c5 4. Nf3 cxd4 5. Nxd4 d5 6. Bg2 dxc4 7. O-O a6 8. Qa4+ Nbd7 9. Na3 Bxa3 10. bxa3 O-O 11.
Qxc4 Nb6 12. Qd3 e5 13. Nf5 Qxd3 14. Ne7+ Kh8 15. exd3 Be6 16. Rb1 Na4 17. Bxb7 Ra7 18. Nc6 Nc3 19. Rb2 Rxb7 20. Rxb7 Bd5 21. Rb6 Ne2# 0-1

[Event "*** Titled Tuesday Blitz"]
[Site "Chess.com"]
[Date "2018.08.07"]
[Round "8"]
[White "Cryptochess"]
[Black "nihalsarin"]
[Result "0-1"]
[WhiteElo "2504"]
[BlackElo "2757"]
[TimeControl "180+2"]
[EndTime "14:47:27 PDT"]
[Termination "nihalsarin won by resignation"]

1. e4 c5 2. Nc3 d6 3. g3 g6 4. Bg2 Bg7 5. d3 Nf6 6. Be3 O-O 7. h3 Nc6 8. Qd2 Rb8 9. Nf3 b5 10. O-O b4 11. Nd1 Nd7 12. Nh4 a5 13. f4 a4 14.
Rb1 e6 15. f5 Nde5 16. Bh6 f6 17. Bxg7 Kxg7 18. fxe6 Bxe6 19. Ne3 Qd7 20. Kh2 Bxa2 21.
Ra1 Be6 22. Rxa4 Nd4 23. Ra6 Ra8 24. Rfa1 Rxa6 25. Rxa6 g5 26. Nhf5+ Bxf5 27. Nxf5+ Qxf5 28. exf5 Nef3+ 29. Bxf3 Nxf3+ 30. Kg2 Nxd2 31. Rxd6 b3 32. c3 Ra8 33. Rd7+ Kg8 34. h4 gxh4 35. gxh4 Ra2 36. h5 Rxb2 37. h6 Ne4+ 38. Kf3 Ng5+ 39. Kg3 Rc2 40. Rg7+ Kf8 41. Rb7 Rxc3 42. Kg4 Rxd3 43.
Rb8+ Ke7 44. Rb6 Rd4+ 45. Kh5 Rb4 46. Rc6 Rb7 47. Rxc5 b2 48. Rc4 b1=Q 49. Re4+ Nxe4 0-1

[Event "*** Titled Tuesday Blitz"]
[Site "Chess.com"]
[Date "2018.08.07"]
[Round "8"]
[White "AlanZhang"]
[Black "dereito"]
[Result "0-1"]
[WhiteElo "1944"]
[BlackElo "2278"]
[TimeControl "180+2"]
[EndTime "14:47:27 PDT"]
[Termination "dereito won on time"]

1. e4 d5 2. exd5 Qxd5 3. Nc3 Qd6 4. d4 Nf6 5. Nf3 g6 6. g3 Bg7 7. Bg2 Qa6 8. Be3 O-O 9. Qd2 Nc6 10. O-O-O Bf5 11.
Nh4 Bg4 12. Rde1 Rad8 13. h3 Be6 14. Kb1 b5 15. Bf1 Ne4 16. Qd3 Nxc3+ 17. Qxc3 Qxa2+ 18. Kc1 Bd5 19. f3 b4 20. Qc5 Nxd4 21. Bxd4 Bxd4 22. Qxb4 Bxf3 23. Nxf3 Be3+ 0-1

[Event "*** Titled Tuesday Blitz"]
[Site "Chess.com"]
[Date "2018.08.07"]
[Round "8"]
[White "senecacrane"]
[Black "narutosmith"]
[Result "0-1"]
[WhiteElo "2118"]
[BlackElo "2114"]
[TimeControl "180+2"]
[EndTime "14:47:48 PDT"]
[Termination "narutosmith won by resignation"]

1. d4 Nf6 2. c4 c5 3. d5 e6 4. Nc3 exd5 5. cxd5 d6 6. e4 g6 7. Nge2 Bg7 8. Ng3 O-O 9. Be2 a6 10. a4 Nbd7 11. O-O Re8 12. h3 Rb8 13. Bg5 Qc7 14. Qd2 c4 15. f4 b5 16. axb5 axb5 17. e5 dxe5 18. f5 e4 19. Bf4 Ne5 20. Ngxe4 Nxe4 21. Nxe4 Bxf5 22. d6 Qb6+ 23. Be3 Qc6 24. Nc5 Nd3 25. Bf3 Qxd6 26. Ra6 Qe5 27. Nxd3 Qxe3+ 28. Qxe3 Rxe3 29. Nf4 Bxb2 30. Nd5 Re6 31. Ra7 Bd4+ 0-1

[Event "*** Titled Tuesday Blitz"]
[Site "Chess.com"]
[Date "2018.08.07"]
[Round "8"]
[White "BasilSmash"]
[Black "yoolund"]
[Result "0-1"]
[WhiteElo "2438"]
[BlackElo "2520"]
[TimeControl "180+2"]
[EndTime "14:47:51 PDT"]
[Termination "yoolund won by checkmate"]

1. e4 b6 2. d4 Bb7 3. Bd3 e6 4. Nf3 d5 5. e5 Ba6 6. O-O Bxd3 7. Qxd3 Be7 8. Nc3 h5 9. Ne2 Nh6 10. Bxh6 Rxh6 11. c4 c6 12. Rac1 Rh8 13. g3 g5 14.
a3 Kf8 15. Kg2 Kg7 16. h3 Nd7 17. g4 hxg4 18. hxg4 Nf8 19. Ng3 Ng6 20. Qd2 Nf4+ 21. Kg1 Rh3 22. cxd5 cxd5 23. Rc3 Qh8 24. Rfc1 Qh7 25.
Kf1 Rh1+ 26. Ng1 Qh3+ 27. Ke1 Rxg1+ 28. Nf1 Rxf1# 0-1

[Event "*** Titled Tuesday Blitz"]
[Site "Chess.com"]
[Date "2018.08.07"]
[Round "8"]
[White "gmjlh"]
[Black "TBergh98"]
[Result "1-0"]
[WhiteElo "2722"]
[BlackElo "2046"]
[TimeControl "180+2"]
[EndTime "14:48:02 PDT"]
[Termination "gmjlh won by checkmate"]

1. d4 Nf6 2. c4 g6 3. g3 Bg7 4.
Bg2 d5 5. cxd5 Nxd5 6. Nf3 O-O 7.
O-O Nb6 8. Nc3 Nc6 9. e3 Bg4 10. h3 Bf5 11. g4 Be6 12. b3 Qd7 13. Ne4 Rad8 14. Nc5 Qc8 15. Nxe6 Qxe6 16. Bb2 Qc8 17. Qc1 e6 18. Rd1 Qd7 19. a4 a5 20. Qc5 f5 21. g5 Rf7 22. h4 Bf8 23. Qc2 Nb4 24.
Qe2 Nc6 25. Ne5 Nxe5 26. dxe5 Qc8 27. Rxd8 Qxd8 28. Bxb7 Rd7 29. Bc3 Bb4 30. Bxb4 axb4 31. a5 Nd5 32. a6 Nb6 33. a7 Rd2 34. Qf3 Qd3 35. Qc6 Rd1+ 36. Rxd1 Qxd1+ 37. Kh2 Qg4 38. Qxe6+ Kg7 39. Qf6+ Kg8 40. a8=Q+ Nxa8 41. Bd5# 1-0

[Event "*** Titled Tuesday Blitz"]
[Site "Chess.com"]
[Date "2018.08.07"]
[Round "8"]
[White "sandager"]
[Black "DACF2905"]
[Result "0-1"]
[WhiteElo "2029"]
[BlackElo "2114"]
[TimeControl "180+2"]
[EndTime "14:48:04 PDT"]
[Termination "DACF2905 won by resignation"]

1. e4 c5 2. Nf3 e6 3. d4 cxd4 4.
Nxd4 a6 5. Nc3 Bc5 6. Be3 d6 7. Be2 Nc6 8. O-O Nxd4 9. Bxd4 Nf6 10. e5 Bxd4 11. Qxd4 dxe5 12. Qxe5 O-O 13. Rad1 Qb6 14. Rd3 Bd7 15. Rg3 Qd8 16. Ne4 Kh8 17. Rd1 Rg8 18. Nxf6 gxf6 19. Qd4 Bc6 20. Qh4 Qe7 21. Bd3 Rg6 22.
Bxg6 fxg6 23. Rxg6 Rf8 24. Rh6 Qg7 25. g3 b5 26. Rd6 Bd5 27. Rxa6 f5 28. Ra3 f4 29.
Rc3 b4 30. Rd3 Be4 31. Rd4 Qxd4 32. Rxe6 0-1

[Event "*** Titled Tuesday Blitz"]
[Site "Chess.com"]
[Date "2018.08.07"]
[Round "8"]
[White "CookiesAndIceCream"]
[Black "djano"]
[Result "0-1"]
[WhiteElo "2244"]
[BlackElo "2388"]
[TimeControl "180+2"]
[EndTime "14:48:10 PDT"]
[Termination "djano won by resignation"]

1. e4 d6 2. d4 g6 3. Nc3 Bg7 4. Nf3 c6 5. Be2 Nf6 6. O-O O-O 7. a4 a5 8. Be3 Na6 9. h3 Nb4 10. Qd2 d5 11. e5 Ne4 12. Nxe4 dxe4 13. Ne1 c5 14. c3 Nd5 15. Nc2 Bf5 16. Na3 Nxe3 17. fxe3 cxd4 18. exd4 Bxe5 19. Nb5 Bg7 20. Rad1 e5 21.
d5 Qh4 22. d6 Rad8 23. Qd5 b6 24. Bg4 e3 25. Be2 Be4 26. Qc4 g5 27. Bf3 Bxf3 28. Qxh4 gxh4 29. Rxf3 Bh6 30. Kf1 f5 31. Ke2 f4 32.
Rd5 Rf5 33. Rf1 Bg7 34. Nc7 Kf7 35. d7 Rg5 36. Rfd1 Rxg2+ 37. Kf3 Rf2+ 38. Ke4 e2 39.
Re1 f3 40. Ke3 Rf1 41. Kd2 Bh6+ 0-1

[Event "*** Titled Tuesday Blitz"]
[Site "Chess.com"]
[Date "2018.08.07"]
[Round "8"]
[White "W_Amadeus"]
[Black "xberli"]
[Result "0-1"]
[WhiteElo "2564"]
[BlackElo "2491"]
[TimeControl "180+2"]
[EndTime "14:48:17 PDT"]
[Termination "xberli won by resignation"]

1. d4 Nf6 2. c4 g6 3. Nc3 d5 4.
Nf3 Bg7 5. h4 dxc4 6. e4 c5 7.
d5 b5 8. h5 b4 9. h6 bxc3 10.
hxg7 Rg8 11. e5 cxb2 12. Bxb2 Qa5+ 13. Qd2 Qxd2+ 14. Nxd2 Nxd5 15. Rxh7 Be6 16. Rh8 f6 17. Ne4 c3 18. Nxc5 cxb2 19. Rd1 Nd7 20. Nxe6 Kf7 21.
Bc4 N7b6 22. Nc7 Nxc4 23. Nxd5 Kxg7 24. Rxg8+ Rxg8 25. Nxe7 Re8 26. Nd5 Rxe5+ 27. Kf1 Rxd5 0-1

[Event "*** Titled Tuesday Blitz"]
[Site "Chess.com"]
[Date "2018.08.07"]
[Round "8"]
[White "David_Klein"]
[Black "nonscitis"]
[Result "0-1"]
[WhiteElo "2500"]
[BlackElo "2460"]
[TimeControl "180+2"]
[EndTime "14:48:17 PDT"]
[Termination "nonscitis won by checkmate"]

1. e4 c5 2. Nf3 Nc6 3. Bb5 g6 4. O-O Bg7 5. Re1 Nf6 6. e5 Nd5 7. Nc3 Nc7 8. Bxc6 dxc6 9. Ne4 b6 10. d3 O-O 11. Bf4 Bg4 12. h3 Ne6 13. hxg4 Nxf4 14. g3 Ne6 15. Kg2 Qd5 16. Qe2 Nd4 17. Nxd4 cxd4 18.
f4 f5 19. exf6 exf6 20. Qf3 Rae8 21. f5 Re5 22. Rf1 g5 23. b3 Rfe8 24. a4 h6 25. Rae1 Kf7 26. Re2 Bf8 27. Rfe1 Kg7 28. Kf2 Bb4 29.
Rh1 a5 30. Kf1 b5 31. axb5 cxb5 32. Rh5 a4 33. bxa4 bxa4 34. Reh2 Rh8 35. Qh1 Rxe4 36.
Qxe4 Qxe4 37. dxe4 a3 38. e5 a2 39. exf6+ Kf7 40.
Rxh6 a1=Q+ 41. Kg2 Rxh6 42. Rxh6 Qa8+ 43. Kh2 Qf3 44.
Rh7+ Kxf6 45. Rh6+ Kf7 46. Rh7+ Kg8 47. Rd7 Be1 48. Rxd4 Bxg3+ 49. Kg1 Qf2+ 50. Kh1 Qh2# 0-1

[Event "*** Titled Tuesday Blitz"]
[Site "Chess.com"]
[Date "2018.08.07"]
[Round "8"]
[White "OparinGrigoriy"]
[Black "Margency"]
[Result "1-0"]
[WhiteElo "2885"]
[BlackElo "2716"]
[TimeControl "180+2"]
[EndTime "14:48:19 PDT"]
[Termination "OparinGrigoriy won by resignation"]

1. e4 c5 2. Nf3 d6 3. Nc3 Nf6 4. d4 cxd4 5. Nxd4 a6 6. a3 e6 7.
g4 h6 8. h4 Nc6 9. Nxc6 bxc6 10.
Bg2 d5 11. g5 hxg5 12. hxg5 Rxh1+ 13. Bxh1 Nd7 14. g6 fxg6 15. Qg4 Qf6 16. Bg5 Qf7 17. O-O-O Nf6 18. Qg3 Be7 19. exd5 cxd5 20. Kb1 Bb7 21. Re1 Rc8 22. Qh3 Rc6 23. Qh8+ Qg8 24. Qh2 Kf7 25.
Bxf6 Bxf6 26. Nxd5 Qc8 27. Nxf6 Kxf6 28. Qf4+ Ke7 29.
Bxc6 Qxc6 30. Qe5 Kf7 31. b3 Qd7 32. Kb2 Bd5 33. Rd1 Qb5 34. a4 Qb7 35. Qd4 g5 36. c4 Bc6 37. Ka3 a5 38. Qc5 Qc7 39. Rd6 1-0